 Dungeon Crawl Stone Soup version 0.21.1-1-g345015f (webtiles) character file.

1008 letownia2 the Magician (level 8, 29/57 HPs)
             Began as a Demonspawn Wizard on Feb 10, 2018.
             Was an Initiate of Gozag.
             Quit the game on level 6 of the Dungeon on Feb 13, 2018.
             The game lasted 00:17:29 (7040 turns).

letownia2 the Magician (Demonspawn Wizard)          Turns: 7040, Time: 00:17:31

Health: 29/57      AC:  5    Str: 10    XL:     8   Next: 1%
Magic:  7/16       EV: 11    Int: 20    God:    Gozag
Gold:   581        SH:  0    Dex: 11    Spells: 9/18 levels left

rFire    . . .     SeeInvis .   a - +0 whip (venom)
rCold    . . .     Gourm    .   (no shield)
rNeg     . . .     Faith    .   e - +0 leather armour (curse)
rPois    .         Spirit   .   A - +0 hat
rElec    .         Reflect  .   K - +0 cloak (curse)
rCorr    .         Harm     .   (no gloves)
MR       .....                  g - +0 pair of boots
Stlth    +++.......             (no amulet)
HPRegen  0.19/turn              n - ring of stealth
MPRegen  0.15/turn              z - ring of stealth

@: very slightly contaminated
A: claws 2, powered by pain 1, rot immunity
a: Potion Petition, Call Merchant, Bribe Branch, Renounce Religion


You were on level 6 of the Dungeon.
You worshipped Gozag.
Gozag was pleased with you.
You were not hungry.

You visited 2 branches of the dungeon, and saw 7 of its levels.
You also visited: Sewer.

You collected 828 gold pieces.
You spent 172 gold pieces at shops.
You paid 75 gold pieces to Gozag.

Inventory:

Hand Weapons
 a - a +0 whip of venom (weapon)
 b - a +0 spear of piercing
 B - a +0 quarterstaff
 J - a +3 quarterstaff of chaos
Missiles
 i - 31 bolts
Armour
 e - a cursed +0 leather armour (worn)
 g - a +0 pair of boots (worn)
 m - a +0 ring mail
 r - a +0 scale mail
 A - a +0 hat (worn)
 C - a +2 cloak
 K - a cursed +0 cloak (worn)
Jewellery
 n - a ring of stealth (left claw)
 z - a ring of stealth (right claw)
Wands
 h - a wand of acid (5)
 u - a wand of iceblast (15)
 x - a wand of flame (68)
 N - a wand of disintegration (15)
Scrolls
 f - 7 scrolls of teleportation
 j - 4 scrolls of remove curse {unknown}
 k - 3 scrolls of fog {unknown}
 q - 2 scrolls of enchant weapon {unknown}
 v - 4 scrolls of fear
 y - a scroll of amnesia {unknown}
 F - 3 scrolls of identify
 H - a scroll of enchant armour {unknown}
 L - a scroll of noise {unknown}
 M - a scroll of blinking {unknown}
Potions
 l - a potion of magic {unknown}
 o - 3 potions of ambrosia {unknown}
 p - 2 potions of haste {unknown}
 s - a potion of brilliance {unknown}
 t - 2 potions of might {unknown}
 w - 2 potions of degeneration {unknown}
 D - a potion of heal wounds
 E - 2 potions of agility {unknown}
 G - a potion of curing
 I - 2 potions of invisibility {unknown}
Books
 c - a book of Minor Magic

   Spells                             Type                      Level
   a - Magic Dart                     Conjuration                  1
   b - Blink                          Translocation                2
   c - Call Imp                       Summoning                    2
   d - Slow                           Hexes                        2
   e - Conjure Flame                  Conjuration/Fire             3
   f - Mephitic Cloud                 Conjuration/Poison/Air       3
Comestibles
 d - 8 rations


   Skills:
 - Level 2.4 Fighting
 - Level 1.7 Dodging
 - Level 1.7 Stealth
 + Level 5.8 Spellcasting
 - Level 4.1 Conjurations
   Level 1.0 Summonings
 - Level 2.3 Translocations
 - Level 2.3 Fire Magic
 - Level 2.4 Air Magic
 - Level 2.0 Poison Magic


You had 9 spell levels left.
You knew the following spells:

 Your Spells              Type           Power        Failure   Level  Hunger
a - Magic Dart            Conj           ###.         2%          1    None
b - Blink                 Tloc           N/A          9%          2    None
c - Conjure Flame         Conj/Fire      ###.....     12%         3    ##.....
e - Mephitic Cloud        Conj/Pois/Air  ###.....     13%         3    ##.....


Dungeon Overview and Level Annotations

Branches:
Dungeon (6/15)             Temple (1/1) D:5

Altars:
Cheibriados
Elyvilon
Gozag
Hepliaklqana
Kikubaaqudgha
Makhleb
Nemelex Xobeh
Okawaru
Ru
Sif Muna
Trog
Uskayaw
Vehumet
Wu Jian
Xom
Yredelemnul
Zin
The Shining One
Lugonu

Shops:
D:5 !%[??   D:6 =


Innate Abilities, Weirdness & Mutations

You have very sharp fingernails.
You sometimes gain a little power by taking damage.
You are immune to rotting.


Message History

You see here a club.
You see here a whip.
You now have 581 gold pieces (gained 6).
You see here a whip.
Put on which piece of jewellery? (? for menu, Esc to quit)
Okay, then.
Okay, then.
Saving game... please wait.
Welcome back, letownia2 the Demonspawn Wizard.
Gozag says: Greed is good.
Press ? for a list of commands and other information.
Saving game... please wait.
Welcome back, letownia2 the Demonspawn Wizard.
Gozag says: Greed is good.
Press ? for a list of commands and other information.
Put on which piece of jewellery? (? for menu, Esc to quit)
Okay, then.
Wear which item? (? for menu, Esc to quit)
Okay, then.
Are you sure you want to abandon this character and quit the game? (Confirm with "yes".)

#.. #∩..........
#.# #########...
... # #... #.# .#
#.## #.# ..'
##'## #.# ...#
##^^.# . #.#
....# #..^..
....####)##.....#
##^.^#
.[......@).......
#^^_.^
#...####.########
###### #
##.###########
#............#
############.#
#.# #.# #.# #.#


There were no monsters in sight!

Vanquished Creatures
  An ice beast (D:5)
  An ogre (D:6)
  2 big kobolds (Sewer)
  A bullfrog (D:3)
  2 crimson imps (D:5)
  A hound (D:2)
  A centaur skeleton (D:5)
  Crazy Yiuf (D:2)
  A bullfrog skeleton (D:4)
  Ijyb (D:3)
  An iguana (D:5)
  2 worker ants
  13 adders
  4 gnolls (D:6)
  3 river rats (Sewer)
  A shadow imp (D:5)
  2 oozes (Sewer)
  4 worms
  2 dart slugs
  4 leopard geckos
  14 orcs
  5 ball pythons
  7 bats
  9 giant cockroaches
  7 hobgoblins
  19 jackals
  3 quokkas
  4 frilled lizards
  8 goblins
  7 kobolds
  13 rats
  A spectral orc (D:6)
145 creatures vanquished.

Notes
Turn   | Place    | Note
-------+----------+-------------------------------------------
     0 | D:1      | letownia2 the Demonspawn Wizard began the quest for the Orb.
     0 | D:1      | Reached XP level 1. HP: 13/13 MP: 4/4
   454 | D:1      | Gained mutation: You have sharp fingernails. [demonic ancestry]
   454 | D:1      | Reached XP level 2. HP: 19/19 MP: 4/6
  1068 | D:1      | Gained mutation: You have very sharp fingernails. [demonic ancestry]
  1068 | D:1      | Reached XP level 3. HP: 5/24 MP: 1/7
  1349 | D:1      | Learned a level 3 spell: Mephitic Cloud
  1353 | D:1      | Learned a level 3 spell: Conjure Flame
  1471 | D:2      | Found a hazy altar of Hepliaklqana.
  1472 | D:2      | Found a shimmering altar of Xom.
  1472 | D:2      | Noticed a hell beast
  1473 | D:2      | Noticed a hell beast
  1473 | D:2      | Noticed a spectral ugly thing
  1803 | D:2      | Reached XP level 4. HP: 30/30 MP: 3/8
  1848 | D:3      | Noticed Ijyb
  1992 | D:3      | Noticed a bullfrog
  2004 | D:3      | Killed a bullfrog
  2004 | D:3      | Reached skill level 1 in Fire Magic
  2004 | D:3      | Reached skill level 1 in Air Magic
  2004 | D:3      | Reached skill level 1 in Poison Magic
  2004 | D:3      | Reached XP level 5. HP: 35/35 MP: 3/9
  2008 | D:3      | Learned a level 2 spell: Blink
  2207 | D:3      | Found a bloodstained altar of Trog.
  2268 | D:3      | Reached skill level 1 in Translocations
  2418 | D:4      | Found an ornate altar of the Wu Jian Council.
  2837 | D:4      | Found a radiant altar of Vehumet.
  2854 | D:4      | Reached skill level 1 in Fighting
  3278 | D:5      | Entered Level 5 of the Dungeon
  3315 | D:5      | Found a staircase to the Ecumenical Temple.
  3325 | Temple   | Entered the Ecumenical Temple
  3337 | Temple   | Became a worshipper of Gozag Ym Sagoz the Greedy
  3365 | D:5      | Found Vaxketro's Magic Scroll Shoppe.
  3373 | D:5      | Bought a scroll of fear for 52 gold pieces
  3386 | D:5      | Noticed an ice beast
  3450 | D:5      | Reached XP level 6. HP: 28/43 MP: 7/10
  3464 | D:5      | Found Hejih's Antique Armour Shoppe.
  3471 | D:5      | Found an iron altar of Okawaru.
  3626 | D:5      | Found a glowing drain.
  3670 | Sewer    | Entered a sewer
  3863 | Sewer    | Gained mutation: You sometimes gain a little power by taking damage. [demonic ancestry]
  3863 | Sewer    | Reached XP level 7. HP: 44/50 MP: 4/12
  4123 | D:5      | Found Warisata's Distillery.
  4129 | D:5      | Bought a potion of heal wounds for 70 gold pieces
  4205 | D:5      | Found Ingismurph's Food Shoppe.
  4462 | D:5      | Reached skill level 4 in Spellcasting
  4814 | D:5      | Found Everub's Magic Scroll Emporium.
  4819 | D:5      | Bought a scroll of teleportation for 30 gold pieces
  4819 | D:5      | Bought a scroll of identify for 20 gold pieces
  4907 | D:3      | Found a radiant altar of Vehumet.
  5476 | D:3      | Found a white marble altar of Elyvilon.
  5476 | D:3      | Found a sacrificial altar of Ru.
  5732 | D:3      | Killed Ijyb
  5732 | D:3      | Reached skill level 5 in Spellcasting
  6000 | D:2      | Found a sparkling altar of Nemelex Xobeh.
  6001 | D:2      | Found a glowing golden altar of the Shining One.
  6311 | D:2      | Found a runed door.
  6315 | D:2      | Noticed Crazy Yiuf
  6321 | D:2      | Killed Crazy Yiuf
  6825 | D:6      | Found Hitse's Jewellery Boutique.
  6845 | D:6      | Found a basalt altar of Yredelemnul.
  7025 | D:6      | Gained mutation: You are immune to rotting. [demonic ancestry]
  7025 | D:6      | Reached XP level 8. HP: 27/57 MP: 5/16
  7040 | D:6      | Quit the game

Skill      XL: |  1  2  3  4  5  6  7 |
---------------+----------------------+-----
Conjurations   | 2 3 4 |  4.1
Fire Magic     | 1 2 |  2.3
Air Magic      | 1 2 |  2.4
Poison Magic   | 1 2 |  2.0
Translocations | 1 2 |  2.3
Fighting       | 1 2 |  2.4
Spellcasting   | 5 |  5.8
Dodging        | |  1.7
Stealth        | |  1.7
Summonings     | |  1.0

Action                   |  1- 3 |  4- 6 |  7- 9 || total
-------------------------+-------+-------+-------++-------
Melee: Unarmed           |    21 |       |       ||    21
       Dagger            |    37 |    37 |       ||    74
       Spear             |       |    49 |       ||    49
       Whip              |       |    16 |   109 ||   125
 Cast: Magic Dart        |    67 |   117 |   112 ||   296
       Mephitic Cloud    |       |     4 |     6 ||    10
       Conjure Flame     |       |     1 |     1 ||     2
Evoke: Wand              |       |     6 |     8 ||    14
 Stab: Confused          |       |     1 |     4 ||     5
  Eat: Chunk             |     3 |     4 |       ||     7
       Ration            |       |     1 |     3 ||     4
Armor: Robe              |     2 |       |       ||     2
       Leather armour    |    35 |    25 |    30 ||    90
Dodge: Dodged            |    60 |    42 |    59 ||   161
